[Event "European Womens-ch 2025"]
[Site "Rhodes"]
[Date "2025.04.07"]
[Round "7.40"]
[White "Lach, Aleksandra"]
[Black "Donghvani, Nia"]
[Result "1/2-1/2"]
[Annotator "RC"]
[ECO "B23"]
[WhiteElo "2208"]
[BlackElo "2025"]
[PlyCount "98"]
[EventDate "2025.03.29"]
[EventType "swiss"]
[EventCountry "GRE"]
[SourceTitle "playchess.com"]
[Source "ChessBase"]
[SourceQuality "1"]
[TimeControl "40/5400+30:1800+30"]

1. e4 c5 2. Nc3 Nc6 3. f4 g6 4. Nf3 Bg7 5. a4 d6 6. Bb5 Bd7 7. d3 a6 8. Bxc6 Bxc6 9. a5 b5 10. axb6 Qxb6 11. O-O Nf6 12. Qe1 O-O 13. Kh1 e6 14. b3 Qb7 15. Bd2 Nd7 16. Ra5 f6 17. Na4 Qc7 18. Bc3 Bb7 19. Qf2 Rac8 20. f5 exf5 21. exf5 g5 22. Nd2 Ne5 23. Bxe5 fxe5 24. Nc4 Rf6 25. Qd2 Rcf8 26. Ne3 h5 27. Nb2 g4 28. Nbd1 d5 29. Ra1 d4 30. Nc4 Rxf5 31. Rxf5 Rxf5 32. Nf2 Rf4 33. Re1 h4 34. Ne4 Bxe4 35. dxe4 g3 36. Qd3 gxh2 37. Kxh2 Qc6 38. Qh3 Qg6 39. Nd2 Rf2 40. Nf3 Qg3+ 41. Qxg3 hxg3+ 42. Kxg3 Rxc2 43. Ra1 Rb2 44. Rxa6 Rxb3 45. Rc6 Rc3 46. Kg4 Rc2 47. Kf5 Rxg2 48. Rxc5 Rf2 49. Kg4 Rg2+ 1/2-1/2

[Event "European Womens-ch 2025"]
[Site "Rhodes"]
[Date "2025.04.07"]
[Round "7.41"]
[White "Abdinova, Narmin"]
[Black "Nenova, Andzhelika"]
[Result "1-0"]
[Annotator "RC"]
[ECO "A62"]
[WhiteElo "2165"]
[BlackElo "1903"]
[PlyCount "91"]
[EventDate "2025.03.29"]
[EventType "swiss"]
[EventCountry "GRE"]
[SourceTitle "playchess.com"]
[Source "ChessBase"]
[SourceQuality "1"]
[TimeControl "40/5400+30:1800+30"]

1. d4 Nf6 2. c4 e6 3. g3 c5 4. d5 exd5 5. cxd5 d6 6. Nc3 g6 7. Bg2 Bg7 8. Nf3 O-O 9. O-O Re8 10. Bf4 h6 11. Qc1 g5 12. Bd2 Bf5 13. h4 g4 14. Nh2 h5 15. Bg5 Nbd7 16. Re1 Qb6 17. a4 a6 18. Nf1 Bg6 19. Nd2 Ne5 20. Ra3 c4 21. Be3 Qc7 22. a5 Rab8 23. Bd4 Nfd7 24. Qa1 f5 25. Be3 Nc5 26. Rc1 Rbc8 27. Na4 Nxa4 28. Rxa4 Qd7 29. Qa3 Rf8 30. Nxc4 Nxc4 31. Raxc4 Rxc4 32. Rxc4 Qb5 33. Rb4 Qxe2 34. Rxb7 f4 35. gxf4 g3 36. fxg3 Re8 37. Bf2 Qd1+ 38. Kh2 Re2 39. Rb8+ Kh7 40. f5 Bxf5 41. Qf3 Bg6 42. Rb7 Qd2 43. Qf6 Qh6 44. Bd4 Rxg2+ 45. Kxg2 Be4+ 46. Kg1 1-0

[Event "European Womens-ch 2025"]
[Site "Rhodes"]
[Date "2025.04.07"]
[Round "7.42"]
[White "Krkyasharyan, Sona"]
[Black "Khurtsilava, Inga"]
[Result "0-1"]
[Annotator "RC"]
[ECO "A58"]
[WhiteElo "1989"]
[BlackElo "2214"]
[PlyCount "134"]
[EventDate "2025.03.29"]
[EventType "swiss"]
[EventCountry "GRE"]
[SourceTitle "playchess.com"]
[Source "ChessBase"]
[SourceQuality "1"]
[TimeControl "40/5400+30:1800+30"]

1. d4 Nf6 2. c4 c5 3. d5 b5 4. cxb5 a6 5. bxa6 g6 6. Nc3 Bg7 7. a7 Rxa7 8. e4 O-O 9. Nf3 e6 10. Be2 exd5 11. exd5 Ba6 12. O-O d6 13. Re1 Nbd7 14. Bf4 Nb6 15. Qd2 Bc4 16. Bxc4 Nxc4 17. Qc2 Rb7 18. b3 Na3 19. Qd2 Nh5 20. Bh6 Nc2 21. Bg5 Qa5 22. Qxc2 Qxc3 23. Rac1 Qxc2 24. Rxc2 Ra8 25. Nd2 h6 26. Be3 Nf6 27. Nc4 Bf8 28. Rd1 Ra6 29. f3 g5 30. Kf2 Bg7 31. h4 gxh4 32. Rcd2 Nh5 33. Rh1 Bc3 34. Rc2 Bf6 35. Bxh6 Rba7 36. a4 Rb7 37. Rb1 Bd4+ 38. Be3 Ng3 39. Bxd4 cxd4 40. Rbb2 Kg7 41. Rd2 Nf5 42. Ke2 Ra8 43. Kd3 Kf6 44. Rd1 Rb4 45. Rdb1 Kg5 46. Re1 Rc8 47. Ree2 Rcb8 48. Nd2 Kg6 49. Rb1 Ne3 50. Ne4 Nxd5 51. Reb2 Nf4+ 52. Kd2 Nxg2 53. Nxd6 h3 54. Nc4 Kf5 55. Rh1 Rxc4 56. Rxh3 Rxa4 57. Rh5+ Kg6 58. Rd5 Nf4 59. Rd6+ Ne6 60. bxa4 Rxb2+ 61. Kd3 Ra2 62. Ra6 Kf5 63. Kc4 Rc2+ 64. Kb4 Ke5 65. a5 d3 66. Ra7 d2 67. f4+ Kd6 0-1

[Event "European Womens-ch 2025"]
[Site "Rhodes"]
[Date "2025.04.07"]
[Round "7.43"]
[White "Bochnickova, Andrea"]
[Black "Mamedjarova, Turkan"]
[Result "0-1"]
[Annotator "RC"]
[ECO "C45"]
[WhiteElo "2051"]
[BlackElo "2206"]
[PlyCount "68"]
[EventDate "2025.03.29"]
[EventType "swiss"]
[EventCountry "GRE"]
[SourceTitle "playchess.com"]
[Source "ChessBase"]
[SourceQuality "1"]
[TimeControl "40/5400+30:1800+30"]

1. e4 e5 2. Nf3 Nc6 3. d4 exd4 4. Nxd4 Bc5 5. Nb3 Bb6 6. Nc3 d6 7. Qe2 Be6 8. Nd5 h6 9. Bf4 Nf6 10. O-O-O O-O 11. Nxb6 axb6 12. Kb1 Ra4 13. f3 Qe7 14. Qe3 d5 15. Bb5 d4 16. Qf2 Ra7 17. g4 Rfa8 18. a4 Bxb3 19. cxb3 Qb4 20. Bxc7 Qxb3 21. Rd3 Qe6 22. b3 Nd7 23. Bc4 Qf6 24. Rhd1 Rc8 25. Qg3 Nce5 26. Bxe5 Nxe5 27. Rxd4 Nxc4 28. bxc4 Rxa4 29. Qd6 Qxf3 30. R1d3 Qe2 31. Qxb6 Qe1+ 32. Rd1 Rb4+ 33. Kc2 Qxd1+ 34. Kxd1 Rxb6 0-1

[Event "European Womens-ch 2025"]
[Site "Rhodes"]
[Date "2025.04.07"]
[Round "7.44"]
[White "Dwilewicz, Katarzyna"]
[Black "Rida, Ruqayyah"]
[Result "1-0"]
[Annotator "ChessBase"]
[ECO "C25"]
[WhiteElo "2203"]
[BlackElo "2065"]
[PlyCount "135"]
[EventDate "2025.03.29"]
[EventType "swiss"]
[EventCountry "GRE"]
[SourceTitle "playchess.com"]
[Source "ChessBase"]
[SourceQuality "1"]
[TimeControl "40/5400+30:1800+30"]

1. e4 e5 2. Bc4 Nc6 3. d3 Bc5 4. Nc3 d6 5. Na4 Bb6 6. Nxb6 axb6 7. a4 Nf6 8. Ne2 Be6 9. Bxe6 fxe6 10. O-O O-O 11. c3 Qe8 12. Ng3 Ne7 13. f4 exf4 14. Bxf4 Qg6 15. Qe2 Rae8 16. d4 Nc6 17. Bd2 h5 18. Rae1 h4 19. Nh1 d5 20. Nf2 e5 21. dxe5 Rxe5 22. Bf4 Re7 23. e5 Nh5 24. Nh3 Rf5 25. Qd2 Nxe5 26. Qxd5+ Nf7 27. Qd3 Rxe1 28. Rxe1 Nxf4 29. Nxf4 Qg4 30. Nd5 Re5 31. Ne7+ Kf8 32. Ng6+ Qxg6 33. Qxg6 Rxe1+ 34. Kf2 Re5 35. Qg4 Nd6 36. Qxh4 Ne4+ 37. Kg1 Nf6 38. Qh8+ Ng8 39. Qh3 Ne7 40. Qf3+ Ke8 41. Qxb7 Kd7 42. Qf3 g5 43. h3 Nd5 44. Qd3 Ke6 45. Qg6+ Nf6 46. b4 Rd5 47. Kh2 Re5 48. c4 Rf5 49. Qg7 Kd6 50. c5+ bxc5 51. bxc5+ Kc6 52. Qg6 Rf4 53. Qxg5 Nd5 54. Qh6+ Kxc5 55. Qa6 c6 56. Qa7+ Kd6 57. Qb8+ Kd7 58. Qb3 Rb4 59. Qa3 c5 60. a5 Nc7 61. a6 Kc8 62. a7 Kb7 63. Qa5 Rb2 64. Qxc7+ Ka8 65. Qc8+ Kxa7 66. Qxc5+ Kb7 67. h4 Kb8 68. Qe5+ 1-0

[Event "European Womens-ch 2025"]
[Site "Rhodes"]
[Date "2025.04.07"]
[Round "7.45"]
[White "Huseynova, Lala"]
[Black "Schloffer, Jasmin-Denise"]
[Result "0-1"]
[Annotator "ChessBase"]
[ECO "B15"]
[WhiteElo "2065"]
[BlackElo "2188"]
[PlyCount "116"]
[EventDate "2025.03.29"]
[EventType "swiss"]
[EventCountry "GRE"]
[SourceTitle "playchess.com"]
[Source "ChessBase"]
[SourceQuality "1"]
[TimeControl "40/5400+30:1800+30"]

1. e4 c6 2. d4 d5 3. Nc3 dxe4 4. Nxe4 Nf6 5. Nxf6+ exf6 6. Be3 Na6 7. a3 Bf5 8. Bd3 Bd6 9. Ne2 O-O 10. O-O Bg6 11. c4 Re8 12. Ng3 Qd7 13. Qc2 Rad8 14. Rad1 Bb8 15. Rfe1 Nc7 16. Bf5 Qd6 17. Bxg6 hxg6 18. Ne4 Qd7 19. Bf4 f5 20. Nc5 Rxe1+ 21. Rxe1 Qxd4 22. Nxb7 Rd7 23. Be3 Qh4 24. g3 Qf6 25. Nc5 Rd8 26. Qc1 Re8 27. Nd7 Qd8 28. Rd1 Ne6 29. Nxb8 Qxb8 30. Rd7 c5 31. Qd2 Rc8 32. f4 a5 33. Qc3 a4 34. Rd5 Qb6 35. Rd2 Rd8 36. Rxd8+ Qxd8 37. Qc2 Qa5 38. Kf2 Qa8 39. Qd1 Qb7 40. Qxa4 Qxb2+ 41. Kg1 Kh7 42. Qa7 Qb1+ 43. Kg2 Qe4+ 44. Kf2 Qc2+ 45. Kg1 Qb1+ 46. Kf2 Qc2+ 47. Kg1 Qxc4 48. a4 Nd4 49. a5 Qd3 50. Bxd4 cxd4 51. a6 Qd1+ 52. Kg2 Qe2+ 53. Kg1 Qe1+ 54. Kg2 d3 55. Qd4 d2 56. a7 Qe2+ 57. Kh3 Qf1+ 58. Kh4 d1=Q 0-1

[Event "European Womens-ch 2025"]
[Site "Rhodes"]
[Date "2025.04.07"]
[Round "7.46"]
[White "Piddubna, Bozhena"]
[Black "Mihaljevic, Eva"]
[Result "1-0"]
[Annotator "NA RC"]
[ECO "E06"]
[WhiteElo "2145"]
[BlackElo "2039"]
[PlyCount "49"]
[EventDate "2025.03.29"]
[EventType "swiss"]
[EventCountry "GRE"]
[SourceTitle "playchess.com"]
[Source "ChessBase"]
[SourceQuality "1"]
[TimeControl "40/5400+30:1800+30"]

1. d4 d5 2. c4 e6 3. Nf3 Nf6 4. g3 Be7 5. Bg2 O-O 6. O-O a5 7. Qc2 c6 8. Nbd2 b6 9. Rd1 Bb7 10. Ne5 Nfd7 11. Ndf3 Qc8 12. Ng5 Bxg5 13. Bxg5 Nxe5 14. dxe5 Qc7 15. cxd5 exd5 16. Bxd5 Qxe5 17. Bf4 Qf6 18. Be4 g6 19. Rd6 Qe7 20. Rad1 f5 21. Bh6 Re8 22. Qb3+ Qf7 23. Bc2 Qxb3 24. Bxb3+ Kh8 25. Rd8 1-0

[Event "European Womens-ch 2025"]
[Site "Rhodes"]
[Date "2025.04.07"]
[Round "7.47"]
[White "Golsta, Ramona"]
[Black "Dicen, Elis Denele"]
[Result "0-1"]
[Annotator "RC"]
[ECO "D38"]
[WhiteElo "1943"]
[BlackElo "2129"]
[PlyCount "104"]
[EventDate "2025.03.29"]
[EventType "swiss"]
[EventCountry "GRE"]
[SourceTitle "playchess.com"]
[Source "ChessBase"]
[SourceQuality "1"]
[TimeControl "40/5400+30:1800+30"]

1. d4 d5 2. c4 e6 3. Nf3 Nf6 4. Nc3 Nbd7 5. Bg5 Bb4 6. e3 c5 7. Bxf6 Nxf6 8. Bd3 Qa5 9. Qc2 b5 10. cxb5 c4 11. Be2 Ne4 12. Rc1 Qxa2 13. Nd2 Bxc3 14. bxc3 Qxc2 15. Rxc2 Nd6 16. e4 O-O 17. Bf3 Bb7 18. exd5 Bxd5 19. O-O Nxb5 20. Ra1 Rfc8 21. Ra4 Rab8 22. Be2 Nxd4 23. cxd4 c3 24. h3 cxd2 25. Rxd2 Rc7 26. Rd3 Rb1+ 27. Kh2 Rb2 28. Re3 g6 29. Kg3 Rcc2 30. Bf3 Rxf2 31. Rxa7 Bxf3 32. gxf3 Rfd2 33. Rc3 Rb5 34. Rd7 Rf5 35. Re3 Rd5 36. Rxd5 exd5 37. Kf4 f6 38. Re8+ Kf7 39. Rh8 Rxd4+ 40. Kg3 Kg7 41. Rd8 Rd1 42. Kf2 g5 43. h4 gxh4 44. Re8 Rd2+ 45. Ke3 Rg2 46. f4 Rg3+ 47. Kf2 d4 48. f5 Rg5 49. Re7+ Kh6 50. Re4 Rxf5+ 51. Kg2 Rd5 52. Rxh4+ Kg6 0-1

[Event "European Womens-ch 2025"]
[Site "Rhodes"]
[Date "2025.04.07"]
[Round "7.48"]
[White "Nadzamova, Viktoria"]
[Black "Bhatia, Kanishka"]
[Result "1-0"]
[Annotator "NA RC"]
[ECO "D35"]
[WhiteElo "2122"]
[BlackElo "2012"]
[PlyCount "95"]
[EventDate "2025.03.29"]
[EventType "swiss"]
[EventCountry "GRE"]
[SourceTitle "playchess.com"]
[Source "ChessBase"]
[SourceQuality "1"]
[TimeControl "40/5400+30:1800+30"]

1. d4 Nf6 2. c4 e6 3. Nc3 d5 4. cxd5 exd5 5. Bg5 c6 6. e3 Bd6 7. Bd3 h6 8. Bh4 Nbd7 9. Nge2 O-O 10. Bg3 Qe7 11. O-O Re8 12. Qc2 Bxg3 13. Nxg3 g6 14. Rae1 Nf8 15. e4 Qb4 16. e5 N6h7 17. Nce2 h5 18. a3 Qb6 19. f4 h4 20. f5 hxg3 21. fxg6 gxh2+ 22. Kh1 fxg6 23. Bxg6 Be6 24. Bxe8 Rxe8 25. Qc3 Re7 26. Nf4 Bg4 27. Rf2 Ne6 28. Nxe6 Bxe6 29. Qe3 Rg7 30. Qh6 Ng5 31. Ref1 Qd8 32. Rf6 Qe7 33. R1f4 Bf7 34. Rg4 Ne6 35. Rxe6 Bxe6 36. Rxg7+ Qxg7 37. Qxe6+ Kh7 38. Kxh2 Qf8 39. Qh3+ Kg6 40. Qg4+ Kh6 41. Kg3 Qe8 42. Qf4+ Kg6 43. Qf6+ Kh7 44. Kf4 c5 45. dxc5 Qa4+ 46. Kg5 Qb3 47. Qg6+ Kh8 48. Kf6 1-0

[Event "European Womens-ch 2025"]
[Site "Rhodes"]
[Date "2025.04.07"]
[Round "7.49"]
[White "Zagorac, Lara"]
[Black "Chasouraki, Chrysi"]
[Result "1-0"]
[Annotator "RC"]
[ECO "E06"]
[WhiteElo "2106"]
[BlackElo "1843"]
[PlyCount "153"]
[EventDate "2025.03.29"]
[EventType "swiss"]
[EventCountry "GRE"]
[SourceTitle "playchess.com"]
[Source "ChessBase"]
[SourceQuality "1"]
[TimeControl "40/5400+30:1800+30"]

1. d4 Nf6 2. c4 e6 3. g3 d5 4. Nf3 Be7 5. Bg2 O-O 6. O-O a5 7. Qc2 c6 8. Rd1 b6 9. Nbd2 Bb7 10. e4 Qc8 11. e5 Nfd7 12. Nf1 Na6 13. Bg5 Qd8 14. h4 Nb4 15. Qc1 dxc4 16. Qxc4 Nd5 17. Qc2 Rc8 18. Qe4 c5 19. Qg4 Bxg5 20. Nxg5 Qe8 21. Qe4 g6 22. Qg4 cxd4 23. Qxd4 Qe7 24. Ne3 Nxe3 25. Bxb7 Rc7 26. Qxe3 Rxb7 27. Rac1 Nc5 28. a3 a4 29. h5 h6 30. Ne4 Kg7 31. Nf6 Rd8 32. Ng4 Rxd1+ 33. Rxd1 g5 34. Nf6 Nd7 35. Rxd7 Rxd7 36. Qe4 Rd1+ 37. Kh2 Qd8 38. Qh7+ Kf8 39. Qxh6+ Ke7 40. Qxg5 Qd4 41. Nd5+ Kd7 42. Qe7+ Kc6 43. Qd6+ Kb7 44. Qd7+ Ka8 45. Qc8+ Ka7 46. Qc7+ Ka6 47. Nb4+ Kb5 48. Qc6+ Ka5 49. Qa8+ Kb5 50. Qc6+ Ka5 51. Qa8+ Kb5 52. Qa6+ Kc5 53. Qc8+ Kb5 54. Qa6+ Kc5 55. Qc8+ Kb5 56. Qe8+ Qd7 57. Qa8 Qd4 58. Qf3 Rd2 59. Kg2 Rxb2 60. Qc6+ Ka5 61. Qa8+ Kb5 62. Qa6+ Kc5 63. Nd3+ Kd5 64. Qa8+ Kc4 65. Nxb2+ Qxb2 66. Qxa4+ Kd5 67. Qa8+ Kxe5 68. h6 Qc2 69. Qb8+ Kf6 70. Qxb6 Qe4+ 71. Kh2 Qd5 72. Qe3 Qh5+ 73. Kg2 Ke7 74. Qf4 Kf8 75. Qf6 Qd5+ 76. Kh2 Qh5+ 77. Qh4 1-0

[Event "European Womens-ch 2025"]
[Site "Rhodes"]
[Date "2025.04.07"]
[Round "7.50"]
[White "Kosma, Maria"]
[Black "Ter-Avetisjana, Agnesa Stepania"]
[Result "0-1"]
[Annotator "RC"]
[ECO "B11"]
[WhiteElo "1826"]
[BlackElo "2100"]
[PlyCount "100"]
[EventDate "2025.03.29"]
[EventType "swiss"]
[EventCountry "GRE"]
[SourceTitle "playchess.com"]
[Source "ChessBase"]
[SourceQuality "1"]
[TimeControl "40/5400+30:1800+30"]

1. e4 c6 2. Nc3 d5 3. Nf3 Bg4 4. d4 e6 5. Be2 Nf6 6. e5 Nfd7 7. O-O Be7 8. Ne1 Bxe2 9. Nxe2 h5 10. f4 g6 11. Nd3 c5 12. c3 Nc6 13. Be3 cxd4 14. Nxd4 Rc8 15. g4 hxg4 16. Qxg4 Nxd4 17. cxd4 Nb6 18. Rac1 Nc4 19. Bf2 Rc6 20. Qe2 Qa5 21. b3 Qd2 22. Qf3 Na3 23. Rxc6 bxc6 24. Nc1 Nb5 25. Qe3 Qxe3 26. Bxe3 Rh3 27. Bf2 Ba3 28. Ne2 Rd3 29. Ra1 Bb2 30. Rb1 Bxd4 31. a4 Bxf2+ 32. Kxf2 Nd4 33. Nxd4 Rxd4 34. Kg3 Rb4 35. Kg4 Kd7 36. Kg5 a5 37. Rc1 Kc7 38. Rc3 Re4 39. Rf3 d4 40. Kf6 Re3 41. Rf1 Rxb3 42. Kxf7 Kd7 43. Kxg6 Rh3 44. f5 exf5 45. Kf7 Rh7+ 46. Kf6 Rxh2 47. e6+ Kd6 48. e7 Re2 49. Rd1 c5 50. Rb1 Re6+ 0-1

[Event "European Womens-ch 2025"]
[Site "Rhodes"]
[Date "2025.04.07"]
[Round "7.51"]
[White "Sivanandan, Bodhana"]
[Black "Alexandri, Dimitra"]
[Result "1-0"]
[Annotator "NA RC"]
[ECO "B52"]
[WhiteElo "2073"]
[BlackElo "1995"]
[PlyCount "131"]
[EventDate "2025.03.29"]
[EventType "swiss"]
[EventCountry "GRE"]
[SourceTitle "playchess.com"]
[Source "ChessBase"]
[SourceQuality "1"]
[TimeControl "40/5400+30:1800+30"]

1. e4 c5 2. Nf3 d6 3. Bb5+ Bd7 4. Bxd7+ Qxd7 5. c4 Nf6 6. Nc3 g6 7. d4 cxd4 8. Nxd4 Bg7 9. f3 Qc7 10. Qe2 O-O 11. Be3 Rc8 12. b3 Qa5 13. Qd2 Nc6 14. Rc1 Nh5 15. Nce2 Qxd2+ 16. Kxd2 a5 17. Nxc6 bxc6 18. Nc3 Bxc3+ 19. Rxc3 c5 20. Rb1 e5 21. Rd3 Rc6 22. Kc3 Ng7 23. f4 f6 24. fxe5 dxe5 25. Rbd1 Ne6 26. Rd6 Raa6 27. Rxc6 Rxc6 28. Rd7 Ra6 29. a3 Nd4 30. Rd5 Rb6 31. Bxd4 exd4+ 32. Kc2 Rc6 33. Kd3 Kf7 34. b4 axb4 35. axb4 cxb4 36. Kxd4 Ke6 37. Rb5 Rd6+ 38. Ke3 Rd1 39. Rxb4 Re1+ 40. Kd4 Rd1+ 41. Kc5 Rd8 42. Rb7 Rc8+ 43. Kb5 Kd6 44. Rb6+ Ke5 45. c5 Kxe4 46. Rxf6 Rb8+ 47. Rb6 Rc8 48. Re6+ Kd5 49. Rd6+ Ke5 50. Rd2 Rb8+ 51. Ka6 Rc8 52. Kb6 Rb8+ 53. Kc7 Rb1 54. c6 Ke6 55. Re2+ Kf7 56. Kc8 Rc1 57. c7 Kf6 58. Re4 Kf5 59. Rd4 Ke5 60. Rd2 Ke4 61. Kd8 Ke3 62. Rd7 Kf2 63. c8=Q Rxc8+ 64. Kxc8 h5 65. Rd2+ Kg1 66. g3 1-0

[Event "European Womens-ch 2025"]
[Site "Rhodes"]
[Date "2025.04.07"]
[Round "7.52"]
[White "Zvereva, Marija"]
[Black "Stefanova, Antoaneta"]
[Result "0-1"]
[Annotator "RC"]
[ECO "A10"]
[WhiteElo "2033"]
[BlackElo "2426"]
[PlyCount "54"]
[EventDate "2025.03.29"]
[EventType "swiss"]
[EventCountry "GRE"]
[SourceTitle "playchess.com"]
[Source "ChessBase"]
[SourceQuality "1"]
[TimeControl "40/5400+30:1800+30"]

1. c4 b6 2. Nc3 Bb7 3. e3 e5 4. Nf3 e4 5. Ng1 Nf6 6. Nge2 Na6 7. d3 Nc5 8. Nf4 exd3 9. Nxd3 Nce4 10. Qc2 Nxc3 11. Qxc3 Bd6 12. f3 Nh5 13. Qd4 Qe7 14. Bd2 c5 15. Qg4 g6 16. O-O-O f5 17. Qh3 O-O-O 18. g4 fxg4 19. Qxg4 Rhf8 20. Bg2 Qf7 21. Ne1 Nf6 22. Qh4 Be7 23. Qh3 Qxc4+ 24. Kb1 Bd5 25. b3 Qe2 26. Nc2 Be6 27. Qg3 Nh5 0-1

[Event "European Womens-ch 2025"]
[Site "Rhodes"]
[Date "2025.04.07"]
[Round "7.53"]
[White "Valkova, Angelika"]
[Black "Bochnickova, Simona"]
[Result "0-1"]
[Annotator "RC"]
[ECO "A57"]
[WhiteElo "2001"]
[BlackElo "2167"]
[PlyCount "86"]
[EventDate "2025.03.29"]
[EventType "swiss"]
[EventCountry "GRE"]
[SourceTitle "playchess.com"]
[Source "ChessBase"]
[SourceQuality "1"]
[TimeControl "40/5400+30:1800+30"]

1. d4 Nf6 2. c4 c5 3. d5 b5 4. cxb5 a6 5. b6 e6 6. Nc3 exd5 7. Nxd5 Nxd5 8. Qxd5 Nc6 9. e4 Be7 10. Bc4 O-O 11. Nf3 Rb8 12. Bd2 Rxb6 13. Bc3 d6 14. Qd3 Bf6 15. O-O Re8 16. Rfe1 Nb4 17. Bxf6 Qxf6 18. Qb3 Bd7 19. Ng5 d5 20. Bxd5 Nxd5 21. Qxd5 Bc6 22. Qf5 Qxf5 23. exf5 Rxe1+ 24. Rxe1 Rxb2 25. Rd1 Rb8 26. h4 h6 27. Rd6 Rc8 28. Nh3 c4 29. Nf4 c3 30. Rd1 c2 31. Rc1 Ba4 32. Kf1 Rd8 33. Ke2 Rd1 34. Nd3 Kf8 35. g4 Ke7 36. f4 Kd6 37. g5 h5 38. f6 gxf6 39. f5 fxg5 40. hxg5 Bb5 41. g6 Bxd3+ 42. Kf2 Rxc1 43. g7 Rg1 0-1

[Event "European Womens-ch 2025"]
[Site "Rhodes"]
[Date "2025.04.07"]
[Round "7.54"]
[White "Ciolacu, Alessia-Mihaela"]
[Black "Subramanian, Anusha"]
[Result "0-1"]
[Annotator "RC"]
[ECO "D20"]
[WhiteElo "2136"]
[BlackElo "2026"]
[PlyCount "78"]
[EventDate "2025.03.29"]
[EventType "swiss"]
[EventCountry "GRE"]
[SourceTitle "playchess.com"]
[Source "ChessBase"]
[SourceQuality "1"]
[TimeControl "40/5400+30:1800+30"]

1. d4 d5 2. c4 dxc4 3. e3 e5 4. Bxc4 exd4 5. exd4 Bd6 6. Nc3 Nf6 7. Qe2+ Qe7 8. Qxe7+ Bxe7 9. Nb5 Na6 10. Bf4 Bb4+ 11. Kf1 Ba5 12. Nf3 O-O 13. Be5 Nd7 14. Rc1 Nxe5 15. dxe5 Bb6 16. Nbd4 Nc5 17. b4 Ne6 18. Nxe6 Bxe6 19. Bxe6 fxe6 20. Rc4 Rad8 21. Ke2 c6 22. a4 a6 23. Rhc1 Rd5 24. Re4 h6 25. h4 Rfd8 26. Rc2 Rd3 27. Rcc4 Ra3 28. Rc2 Rxa4 29. Nd2 a5 30. Rb2 axb4 31. Nf3 Bc5 32. Rc4 Rd5 33. Rd2 Be7 34. Rb2 c5 35. Rg4 b5 36. Re4 c4 37. Nd4 b3 38. Nc6 Ba3 39. Rb1 c3 0-1

[Event "European Womens-ch 2025"]
[Site "Rhodes"]
[Date "2025.04.07"]
[Round "7.55"]
[White "Berke, Ana"]
[Black "Kiousi, Panagiota"]
[Result "1-0"]
[Annotator "RC"]
[ECO "B55"]
[WhiteElo "2119"]
[BlackElo "1998"]
[PlyCount "91"]
[EventDate "2025.03.29"]
[EventType "swiss"]
[EventCountry "GRE"]
[SourceTitle "playchess.com"]
[Source "ChessBase"]
[SourceQuality "1"]
[TimeControl "40/5400+30:1800+30"]

1. e4 c5 2. Nf3 d6 3. d4 cxd4 4. Nxd4 Nf6 5. f3 e5 6. Nb3 Be6 7. c4 Nbd7 8. Nc3 Rc8 9. Be3 Bxc4 10. Bxc4 Rxc4 11. Qd3 Rc8 12. Bxa7 b6 13. O-O Be7 14. a4 O-O 15. Rfc1 d5 16. Kh1 Rxc3 17. Rxc3 Qa8 18. Qa6 dxe4 19. Rac1 exf3 20. Rxf3 Nd5 21. Qb5 e4 22. Rff1 Nc5 23. Nxc5 Bxc5 24. a5 Nc7 25. Qd7 Qxa7 26. b4 Bxb4 27. axb6 Qxb6 28. Rxc7 Qa6 29. Rfc1 Qe6 30. Qb5 Bd2 31. Rf1 e3 32. Qe2 Qd6 33. Rb7 Qd5 34. Ra7 Qd4 35. Rb7 f6 36. h3 Rd8 37. Rfb1 Bc3 38. Re7 Bd2 39. Rbb7 f5 40. Qh5 Rf8 41. Qg5 Qa1+ 42. Kh2 Bc3 43. Qxe3 h6 44. Ra7 Qb2 45. Rab7 Qa3 46. Rxg7+ 1-0

[Event "European Womens-ch 2025"]
[Site "Rhodes"]
[Date "2025.04.07"]
[Round "7.56"]
[White "Golsta, Madara"]
[Black "Paasikangas, Johanna"]
[Result "1/2-1/2"]
[Annotator "RC"]
[ECO "D43"]
[WhiteElo "1979"]
[BlackElo "2106"]
[PlyCount "166"]
[EventDate "2025.03.29"]
[EventType "swiss"]
[EventCountry "GRE"]
[SourceTitle "playchess.com"]
[Source "ChessBase"]
[SourceQuality "1"]
[TimeControl "40/5400+30:1800+30"]

1. d4 d5 2. c4 e6 3. Nc3 c6 4. Nf3 Nf6 5. Bg5 h6 6. Bh4 dxc4 7. a4 Bb4 8. Bxf6 Qxf6 9. Ne5 O-O 10. e3 b5 11. Be2 Bb7 12. Bf3 Qe7 13. O-O Bxc3 14. bxc3 a6 15. Qc2 Ra7 16. Rfb1 Ba8 17. Qa2 Qe8 18. Be4 f6 19. Bg6 Qe7 20. Ng4 Rc7 21. f4 Bb7 22. Qf2 Nd7 23. e4 Nb6 24. a5 Nd7 25. Qg3 c5 26. f5 e5 27. d5 Rd8 28. Rd1 Nf8 29. Bh5 Kh7 30. Ne3 Rd6 31. Bg6+ Kh8 32. Bh5 Bc8 33. Ra2 Bd7 34. Qh4 Be8 35. Rb1 Bxh5 36. Qxh5 Nh7 37. h4 Nf8 38. Kf2 Kh7 39. Rh1 Qf7 40. Qxf7 Rxf7 41. g3 Rd8 42. Rg1 Kg8 43. g4 Nh7 44. Kf3 Rb7 45. Rb2 Rbd7 46. Rbg2 Kf7 47. Rb2 Rg8 48. Rgb1 Ra8 49. Rg2 Ke7 50. Rgb2 Rh8 51. Rg2 Kf7 52. Rg3 Nf8 53. Rbg1 Rh7 54. R3g2 Rd8 55. Rb2 Nd7 56. Rg3 Ke7 57. Rg1 Rg8 58. Rbg2 Kf7 59. Rb2 h5 60. g5 fxg5 61. hxg5 g6 62. Rbg2 Kg7 63. Ke2 Rd8 64. f6+ Kf7 65. Rh1 Rhh8 66. Rgh2 Rhf8 67. Ng4 Rb8 68. Ne3 Rfe8 69. Rg1 Nf8 70. Rf2 Nh7 71. Nf5 Red8 72. Ne3 Rg8 73. Rh2 Rbd8 74. Ng4 Rge8 75. Ne3 Kg8 76. Rf2 Rf8 77. Rh2 Rd7 78. Rf2 Rb8 79. Rff1 Rdb7 80. Rd1 Kf7 81. Rdf1 Rh8 82. Rb1 Rd7 83. Rbf1 Nf8 1/2-1/2

[Event "European Womens-ch 2025"]
[Site "Rhodes"]
[Date "2025.04.07"]
[Round "7.57"]
[White "Kalyva, Kyriaki"]
[Black "Tsetskhladze, Mariam"]
[Result "0-1"]
[Annotator "RC"]
[ECO "E46"]
[WhiteElo "1885"]
[BlackElo "2105"]
[PlyCount "112"]
[EventDate "2025.03.29"]
[EventType "swiss"]
[EventCountry "GRE"]
[SourceTitle "playchess.com"]
[Source "ChessBase"]
[SourceQuality "1"]
[TimeControl "40/5400+30:1800+30"]

1. d4 Nf6 2. c4 e6 3. Nc3 Bb4 4. e3 O-O 5. Nge2 d5 6. a3 Bd6 7. Ng3 c6 8. cxd5 exd5 9. Be2 Re8 10. b4 a6 11. Rb1 g6 12. O-O h5 13. f4 Ng4 14. Rf3 h4 15. Nf1 Nh6 16. Qc2 Bf5 17. Bd3 Bxd3 18. Qxd3 f5 19. h3 Nd7 20. g4 hxg3 21. Rxg3 Kf7 22. Nh2 Nf6 23. Nf3 Ne4 24. Ng5+ Nxg5 25. Rxg5 Ng8 26. Rb2 Be7 27. Rbg2 Bxg5 28. fxg5 Ne7 29. Ne2 Rh8 30. Nf4 Qd7 31. Bd2 Nc8 32. Be1 Nd6 33. h4 Qe7 34. h5 gxh5 35. g6+ Kg7 36. Qe2 h4 37. Qf3 Rh6 38. a4 Rah8 39. Qh3 Qe4 40. Rg5 Re8 41. Bf2 Qe7 42. Nh5+ Kg8 43. Bxh4 Qxe3+ 44. Qxe3 Rxe3 45. Nf6+ Kg7 46. Bf2 Reh3 47. Kf1 f4 48. b5 f3 49. Ke1 Rh1+ 50. Kd2 Rxg6 51. Nh5+ Kh6 52. Rxg6+ Kxg6 53. Nf4+ Kf5 54. Ke3 axb5 55. axb5 Nxb5 56. Kxf3 Rf1 0-1

[Event "European Womens-ch 2025"]
[Site "Rhodes"]
[Date "2025.04.07"]
[Round "7.58"]
[White "Grapsa, Georgia"]
[Black "Nahapetyan, Ani"]
[Result "1-0"]
[Annotator "NA RC"]
[ECO "D11"]
[WhiteElo "2065"]
[BlackElo "1887"]
[PlyCount "69"]
[EventDate "2025.03.29"]
[EventType "swiss"]
[EventCountry "GRE"]
[SourceTitle "playchess.com"]
[Source "ChessBase"]
[SourceQuality "1"]
[TimeControl "40/5400+30:1800+30"]

1. d4 d5 2. c4 c6 3. Nf3 Nf6 4. Nbd2 Bf5 5. Nh4 Be4 6. Nxe4 Nxe4 7. Nf3 e6 8. e3 Nd7 9. Bd3 Ndf6 10. O-O Bd6 11. Ne5 Bc7 12. f3 Nd6 13. b3 O-O 14. Qc2 h6 15. Bb2 Nd7 16. c5 Ne8 17. Nxd7 Qxd7 18. e4 dxe4 19. fxe4 Rd8 20. Rf3 Qe7 21. Qc3 Nf6 22. Raf1 Rfe8 23. e5 Nd5 24. Qe1 Rf8 25. Qe4 g6 26. Bc1 Kg7 27. Rxf7+ Rxf7 28. Qxg6+ Kf8 29. Bxh6+ Ke8 30. Qg8+ Kd7 31. Qxf7 Qxf7 32. Rxf7+ Kc8 33. Bc4 Nc3 34. Bxe6+ Kb8 35. Kf2 1-0